 Dungeon Crawl Stone Soup version 0.23-a0-419-g0174fd8 (webtiles) character file.

110 JeffiDaFish the Purveyor of Pain (level 4, -4/21 HPs)
             Began as a Spriggan Necromancer on Nov 12, 2018.
             Was an Initiate of Kikubaaqudgha.
             Killed from afar by an orc wizard (9 damage)
             ... with a magic dart
             ... on level 3 of the Dungeon.
             The game lasted 00:06:10 (3250 turns).

JeffiDaFish the Purveyor of Pain (SpNe)             Turns: 3250, Time: 00:06:11

Health: -4/21      AC:  2    Str:  4    XL:     4   Next: 61%
Magic:  0/10       EV: 18    Int: 20    God:    Kikubaaqudgha [......]
Gold:   89         SH:  0    Dex: 16    Spells: 2/10 levels left

rFire    . . .     SeeInvis +   h - +0 rapier (venom)
rCold    . . .     Gourm    .   (shield restricted)
rNeg     . . .     Faith    .   a - +0 robe
rPois    .         Spirit   .   (helmet restricted)
rElec    .         Reflect  .   (no cloak)
rCorr    .         Harm     .   (gloves unavailable)
MR       .....                  (boots unavailable)
Stlth    +++.......             (no amulet)
HPRegen  0.07/turn              j - +3 ring of intelligence
MPRegen  0.12/turn              (no ring)

@: very slightly contaminated, very quick
A: very small, unfitting armour, see invisible, herbivore, speed 3, slow
metabolism 2
a: Renounce Religion


You were on level 3 of the Dungeon.
You worshipped Kikubaaqudgha.
Kikubaaqudgha was noncommittal.
You were not hungry.

You visited 1 branch of the dungeon, and saw 3 of its levels.

You collected 89 gold pieces.

Inventory:

Hand Weapons
 e - a +0 short sword of holy wrath
 h - a +0 rapier of venom (weapon)
Armour
 a - a +0 robe (worn)
 d - a +1 buckler
Jewellery
 j - a +3 ring of intelligence (left hand)
Scrolls
 b - 3 scrolls of remove curse
 f - a scroll of magic mapping
Potions
 i - a potion of berserk rage
Comestibles
 c - 8 rations


   Skills:
 + Level 1.0 Short Blades
 + Level 3.3 Dodging
 + Level 3.7 Stealth
 * Level 3.9 Spellcasting
 * Level 4.5 Necromancy


You had 2 spell levels left.
You knew the following spells:

 Your Spells              Type           Power        Failure   Level  Hunger
a - Pain                  Necr           ###.         1%          1    None
b - Vampiric Draining     Necr           ###.......   6%          3    ###....
c - Animate Dead          Necr           N/A          21%         4    ####...

Your spell library contained the following spells:

 Spells                   Type           Power        Failure   Level  Hunger
 Animate Skeleton         Necr           N/A          1%          1    None
 Regeneration             Chrm/Necr      ##........   16%         3    ###....


Dungeon Overview and Level Annotations

Branches:
Dungeon (3/15)

Altars:
Ashenzari
Elyvilon
Hepliaklqana
Kikubaaqudgha
Vehumet


Innate Abilities, Weirdness & Mutations

You are very small and have problems with some larger weapons.
You are too small for most types of armour.
You have supernaturally acute eyesight. (SInv)
You are a herbivore.
You cover ground extremely quickly.
You need to consume almost no food.


Message History

You hit the hobgoblin.
You kill the hobgoblin!
Kikubaaqudgha accepts your kill.
The kobold throws a stone.
The stone barely misses you. The kobold hits you with a +0 whip.
* * * LOW HITPOINT WARNING * * *
You see here a hobgoblin corpse.
The kobold throws a stone.
The stone barely misses you.
Casting: Vampiric Draining (safe; 6% risk of failure)
Confirm with . or Enter, or press ? or * to list all spells.
Aiming: Pain (safe; 1% risk of failure)
Press: ? - help, Shift-Dir - straight line, f - kobold
Aim: a kobold, wielding a +0 whip (chance to defeat MR: 91%)
The kobold writhes in agony!
You kill the kobold!
Kikubaaqudgha accepts your kill.
The orc wizard gestures at you while chanting.
The magic dart hits you!
You die...
Kikubaaqudgha rasps: "You have failed me!
Welcome... death!"

..†...# #.# #..#.......
......# #.# ##..g#
......# #.# #..#o#
......# #.# #..##K#
......# #.# #..# #o#
......# #.# #..# #g#
.)....# #.# ...# #.#
.)....###.#############.#
#<...........(..@..†)oog#
##########÷#..#########.#
# #............).# #
##..############ ####
#..........#
...#######..........#
.........'..>..÷....#
...#######..........#
...# #..........#


You could see an orc wizard (invisible), an orc and a goblin.

Vanquished Creatures
  Terence (D:3)
  4 adders
  An ooze (D:1)
  2 leopard geckos
  2 orcs (D:3)
  8 bats
  A giant cockroach (D:1)
  4 goblins
  5 hobgoblins
  A jackal (D:3)
  A quokka (D:3)
  2 ball pythons
  3 frilled lizards
  5 kobolds
  5 rats
45 creatures vanquished.

Notes
Turn   | Place    | Note
-------+----------+-------------------------------------------
     0 | D:1      | JeffiDaFish the Spriggan Necromancer began the quest for
                  | the Orb.
     0 | D:1      | Reached XP level 1. HP: 9/9 MP: 5/5
     2 | D:1      | Noticed a minotaur
     2 | D:1      | Noticed a vampire
     4 | D:1      | Noticed an elf
     4 | D:1      | Noticed a felid
     6 | D:1      | Noticed a vine stalker
     6 | D:1      | Noticed a gargoyle
     8 | D:1      | Noticed a demonspawn
    11 | D:1      | Noticed a troll
    11 | D:1      | Noticed a tengu
    13 | D:1      | Noticed a merfolk
    15 | D:1      | Noticed a halfling
    15 | D:1      | Noticed a spriggan
    17 | D:1      | Noticed a ghoul
    17 | D:1      | Noticed a draconian
    19 | D:1      | Noticed a dwarf
    19 | D:1      | Noticed a demigod
    21 | D:1      | Noticed a naga
    23 | D:1      | Noticed a human
    23 | D:1      | Noticed a centaur
    25 | D:1      | Noticed an ogre
    25 | D:1      | Noticed a formicid
    27 | D:1      | Noticed an octopode
   245 | D:1      | Reached XP level 2. HP: 10/13 MP: 2/6
   677 | D:1      | Reached skill level 4 in Necromancy
  1739 | D:2      | Reached XP level 3. HP: 14/16 MP: 4/8
  1836 | D:2      | Found a shattered altar of Ashenzari.
  1946 | D:2      | Found an ancient bone altar of Kikubaaqudgha.
  1952 | D:2      | Became a worshipper of Kikubaaqudgha
  2003 | D:2      | Learned a level 3 spell: Vampiric Draining
  2602 | D:3      | Noticed Terence
  2607 | D:3      | Killed Terence
  2607 | D:3      | Reached XP level 4. HP: 18/21 MP: 1/10
  2839 | D:3      | Found a hazy altar of Hepliaklqana.
  2840 | D:3      | Found a radiant altar of Vehumet.
  3034 | D:3      | Learned a level 4 spell: Animate Dead
  3064 | D:3      | Reached skill level 1 in Short Blades
  3104 | D:3      | Found a white marble altar of Elyvilon.
  3250 | D:3      | Killed from afar by an orc wizard

Vault maps used:
D:1:      kb_arrival_jail, st_stairs_3
D:2:      old_standard_altar, nicolae_ashenzari_panopticon
D:3:      minmay_diamond_boxcup, marbit_many_paths, yredelemnul_altar_generic,
          minitemple, lemuel_old_faithful, uniq_terence

Skill      XL: |  1  2  3  4 |
---------------+-------------+-----
Spellcasting   | 3 |  3.9
Necromancy     | 4 |  4.5
Short Blades   | 1 |  1.0
Dodging        | |  3.3
Stealth        | |  3.7

Action                   |  1- 3 |  4- 6 || total
-------------------------+-------+-------++-------
Melee: Rapier            |     3 |    22 ||    25
 Cast: Pain              |    48 |    18 ||    66
       Vampiric Draining |     1 |     4 ||     5
       Animate Dead      |       |     1 ||     1
  Use: Potion            |     6 |       ||     6
       Scroll            |     5 |     2 ||     7
 Stab: Sleeping          |       |     1 ||     1
Armor: Robe              |       |     3 ||     3
Dodge: Dodged            |    15 |    24 ||    39

Table legend:
 A = Non-vault XP
 B = Vault XP
 C = Vault XP percentage of total XP
 D = Non-vault monster count
 E = Vault monster count
 F = Vault count percentage of total count
                 A         B        C        D         E       F
            +---------+---------+-------+---------+---------+-------
      Total |     111 |      47 |  29.7 |      38 |       7 |  15.6
            +---------+---------+-------+---------+---------+-------
        D:1 |      32 |       3 |   8.6 |      17 |       2 |  10.5
        D:2 |      33 |       0 |   0.0 |       6 |       0 |   0.0
        D:3 |      46 |      44 |  48.9 |      15 |       5 |  25.0
            +---------+---------+-------+---------+---------+-------
